AoeStats
← Dragon

Black Forest

508100411Analyzed
4v4 RM · 11d ago on Sep 20, 2026· 46m 46s· 8 players
Game mode
Random Map
Map size
Large (8 player)
Population
200
Speed
Normal
Resources
Standard
Victory
Conquest
Starting age
Dark Age
Ending age
Imperial Age
RankedLock teamsTeams togetherTeam positionsShared explorationLock speedFull tech treeHidden civsTurbo modeCheats
Victory
Defeat
🇩🇪 Italians · Germany
1306
+15
🇩🇪 Persians · Germany
1294
+15
🇩🇪 Portuguese · Germany
1284
+16
🇩🇪 Slavs · Germany
1283
+16
🇪🇸 Mongols · Spain
1339
-18
🇪🇸 Franks · Spain
1285
-16
🇵🇱 Wu · Poland
1250
-14
🇦🇿 Poles · Azerbaijan
1249
-14
Firkrag
14:44 Feudal Age
13:55 Loom
15:00 Man-at-Arms
15:25 Arson
17:09 Scale Mail Armor
19:04 Double-Bit Axe
19:06 Horse Collar
24:28 Castle Age
23:04 Gold Mining
24:49 Long Swordsman
25:58 Bow Saw
26:36 Heavy Plow
31:00 Wheelbarrow
30:11 Town Watch
31:19 Fletching
33:51 Bodkin Arrow
33:56 Padded Archer Armor
33:29 Pikeman
34:31 Hand Cart
35:15 Hand Cart
38:27 Imperial Age
36:31 Caravan
37:02 Masonry
37:04 Forging
37:28 Town Patrol
38:47 Red Cliffs Tactics
39:04 Leather Archer Armor
40:59 Chain Mail Armor
41:20 Iron Casting
40:18 Halberdier
41:57 Architecture
42:28 Chemistry
42:32 Bracer
43:04 Plate Mail Armor
42:36 Bracer
qianyuhu222
10:50 Feudal Age
15:21 Castle Age
13:24 Double-Bit Axe
21:09 Wheelbarrow
22:30 Bow Saw
27:02 Gold Mining
30:31 Imperial Age
27:47 Loom
28:19 Hand Cart
28:44 Gold Shaft Mining
28:00 Stone Mining
28:35 Scale Barding Armor
29:45 Chain Barding Armor
30:20 Husbandry
31:16 Forging
31:56 Plate Barding Armor
30:47 Cavalier
31:40 Chivalry
32:02 Conscription
32:39 Iron Casting
33:16 Paladin
33:50 Town Watch
41:17 Blast Furnace
43:14 Caravan
YOU XXX
11:27 Feudal Age
15:18 Castle Age
13:30 Double-Bit Axe
13:27 Horse Collar
16:22 Bow Saw
17:15 Wheelbarrow
22:55 Heavy Plow
24:36 Wheelbarrow
23:54 Gold Mining
24:16 Loom
24:17 Town Watch
26:39 Gold Shaft Mining
25:55 Stone Mining
29:25 Imperial Age
28:35 Hand Cart
28:14 Fletching
28:24 Padded Archer Armor
28:48 Ballistics
28:41 Fortified Wall
28:42 Thumb Ring
29:31 Husbandry
29:42 Bloodlines
31:27 Chemistry
30:25 Bodkin Arrow
29:55 Onager
31:10 Conscription
31:19 Leather Archer Armor
31:52 Parthian Tactics
32:16 Bracer
34:21 Drill
34:12 Siege Engineers
34:57 Caravan
36:17 Herbal Medicine
35:45 Elite Mangudai
40:02 Siege Onager
farhasha
2:33 Loom
12:13 Feudal Age
16:44 Castle Age
14:45 Double-Bit Axe
15:00 Horse Collar
20:16 Heavy Plow
28:39 Imperial Age
26:10 Gold Mining
27:48 Szlachta Privileges
27:55 Scale Barding Armor
28:30 Wheelbarrow
27:42 Town Watch
30:38 Chemistry
32:04 Bow Saw
33:04 Crop Rotation
33:50 Cavalier
35:00 Conscription
35:27 Bloodlines
35:46 Chain Barding Armor
35:36 Forging
36:00 Husbandry
36:38 Siege Engineers
36:53 Hand Cart
38:13 Fletching
38:58 Iron Casting
40:52 Blast Furnace
46:37 Light Cavalry
siggi-lok
0:48 Loom
12:13 Feudal Age
16:12 Castle Age
14:47 Double-Bit Axe
14:44 Horse Collar
21:24 Heavy Plow
29:27 Imperial Age
28:29 Wheelbarrow
27:39 Town Watch
27:56 Gold Mining
28:42 Murder Holes
30:08 Hand Cart
31:19 Chemistry
31:31 Conscription
32:00 Siege Engineers
33:11 Arquebus
33:25 Pikeman
34:00 Elite Organ Gun
37:49 Halberdier
39:56 Forging
39:46 Scale Mail Armor
40:16 Ballistics
39:34 Halberdier
39:35 Man-at-Arms
41:30 Chain Mail Armor
41:51 Iron Casting
43:02 Plate Mail Armor
45:49 Blast Furnace
44:41 Fletching
Dragon
5:14 Loom
13:14 Feudal Age
18:01 Castle Age
16:02 Double-Bit Axe
16:00 Horse Collar
23:28 Heavy Plow
23:40 Bow Saw
23:36 Gold Mining
23:39 Stone Mining
29:27 Wheelbarrow
31:43 Imperial Age
30:23 Hand Cart
30:32 Scale Barding Armor
30:37 Forging
31:47 Masonry
32:18 Chain Barding Armor
32:33 Iron Casting
32:37 Conscription
32:20 Fletching
33:39 Chemistry
32:06 Cavalier
32:58 Bloodlines
32:48 Husbandry
33:30 Savar
35:23 Squires
37:25 Plate Barding Armor
39:21 Blast Furnace
38:31 Light Cavalry
43:14 Caravan
43:15 Hussar
46:52 Bodkin Arrow
Who am I
10:57 Feudal Age
15:13 Castle Age
12:57 Horse Collar
13:31 Double-Bit Axe
15:16 Wheelbarrow
18:09 Bow Saw
21:14 Heavy Plow
22:09 Hand Cart
22:02 Gold Mining
22:50 Stone Mining
22:56 Loom
29:23 Imperial Age
28:20 Gold Shaft Mining
27:52 Scale Barding Armor
27:58 Forging
27:39 Fletching
28:13 Ballistics
28:10 Caravan
28:55 Masonry
28:41 Murder Holes
29:45 Coinage
29:38 Detinets
29:34 Onager
31:10 Banking
31:24 Conscription
31:30 Chain Barding Armor
31:13 Husbandry
31:31 Bloodlines
31:05 Elite Boyar
34:21 Crop Rotation
36:50 Plate Barding Armor
36:50 Iron Casting
37:05 Bodkin Arrow
37:20 Siege Engineers
38:17 Chemistry
47:31 Blast Furnace
lord-cherry
0:54 Loom
12:41 Feudal Age
13:26 Double-Bit Axe
21:47 Castle Age
21:55 Stone Mining
21:47 Horse Collar
28:48 Bow Saw
29:09 Gold Mining
32:55 Imperial Age
31:21 Fletching
31:33 Padded Archer Armor
32:46 Ballistics
32:44 Fortified Wall
34:21 Bodkin Arrow
34:47 Thumb Ring
34:03 Crossbowman
36:15 Two-Man Saw
37:02 Chemistry
35:44 Elite Skirmisher
38:10 Bracer
39:51 Leather Archer Armor
40:29 Arbalester
43:28 Heavy Plow
44:10 Wheelbarrow
44:12 Stone Shaft Mining
Connection lost

Rejoining the realm…

Still unreachable

The connection could not be restored.

Session expired

The server has moved on; the page needs a fresh start.